 Dungeon Crawl Stone Soup version 0.21.0-24-g2553a33 (webtiles) character file.

108 Gorglomux the Skirmisher (level 4, -1/37 HPs)
             Began as a Minotaur Air Elementalist on Jan 20, 2018.
             Was an Initiate of Trog.
             Slain by Terence
             ... wielding a +0 flail
              (5 damage)
             ... on level 3 of the Dungeon.
             The game lasted 00:02:33 (3092 turns).

Gorglomux the Skirmisher (MiAE)                     Turns: 3092, Time: 00:02:34

Health: -1/37      AC:  2    Str: 14    XL:     4   Next: 58%
Magic:  5/5        EV: 10    Int: 12    God:    Trog [......]
Gold:   170        SH:  8    Dex: 10    Spells: 4/5 levels left

rFire    . . .     SeeInvis .   s - +0 flail (drain)
rCold    . . .     Gourm    .   k - +0 shield
rNeg     . . .     Faith    .   a - +0 robe
rPois    .         Spirit   .   (helmet restricted)
rElec    .         Reflect  .   g - scarf {cloud immunity}
rCorr    .         Harm     .   (no gloves)
MR       .....                  (no boots)
Stlth    ++........             (no amulet)
HPRegen  0.12/turn              (no ring)
MPRegen  0.09/turn              (no ring)

@: no status effects
A: retaliatory headbutt, horns 2
a: Burn Spellbooks, Renounce Religion


You were on level 3 of the Dungeon.
You worshipped Trog.
Trog was noncommittal.
You were not hungry.

You visited 1 branch of the dungeon, and saw 3 of its levels.

You collected 170 gold pieces.

Inventory:

Hand Weapons
 l - a +0 whip
 s - a +0 flail of draining (weapon)
Armour
 a - a +0 robe (worn)
 g - a scarf of cloud immunity (worn)
 k - a +0 shield (worn)
Scrolls
 e - 4 scrolls of teleportation {unknown}
 f - a scroll of remove curse {unknown}
 j - a scroll of amnesia {unknown}
 m - 7 scrolls of identify {unknown}
 o - 3 scrolls of noise {unknown}
 q - 3 scrolls of blinking {unknown}
 r - a scroll of enchant weapon {unknown}
Potions
 h - a potion of brilliance {unknown}
 i - a potion of berserk rage {unknown}
 n - a potion of ambrosia {unknown}
 u - a potion of mutation {unknown}
Comestibles
 c - 6 rations
 t - a chunk of flesh


   Skills:
 + Level 2.8 Fighting
 + Level 2.7 Armour
 - Level 2.7 Dodging
 - Level 1.5 Stealth
 + Level 2.3 Shields
 - Level 1.3 Spellcasting
 - Level 0.6 Conjurations
 - Level 2.1 Air Magic


You had 4 spell levels left.
You knew the following spells:

 Your Spells              Type           Power        Failure   Level  Hunger
a - Shock                 Conj/Air       #...         65%         1    ##.....


Dungeon Overview and Level Annotations

Branches:
Dungeon (3/15)

Altars:
Nemelex Xobeh
Trog
Vehumet

Annotations:
D:3 Terence


Innate Abilities, Weirdness & Mutations

You reflexively headbutt those who attack you in melee.
You have a pair of horns on your head.


Message History

You hammer Terence but do no damage! You drain Terence!!!
Terence is heavily wounded!
Terence hits you with a flail! Terence hits you with a flail!!!
You barely miss Terence! Your headbutt misses Terence!
Terence is heavily wounded!
You block Terence's attack!
You are butt injured to fight butt-ly!!!
Terence screams, "I want your blood!!!"
Your shield prevents you from hitting Terence!
Terence is heavily wounded!
Terence hits you with a flail!
You flatten Terence like a pancake!
Butt drain Terence!!!
You headbutt Butt, but do no damage!
Terence is severely wounded!
Terence hits you with a flail!!! * * * don't die
* * * Butt closely miss Terence!
Terence is severely butt!
Terence hits you with a flail! rip

.... #.###..#
####### ....
#..=..# ##.#
#.#.####
####.####
#.......#. #
#.......#.# .#
#.......#
.###..#
#.%.....###...#
#.........@@..#
#.......#####.#
#.......# ..
#######.# ##
#.# #.. ###


You could see Terence.

Vanquished Creatures
  5 adders
  3 worms
  A leopard gecko (D:1)
  An orc (D:3)
  A giant cockroach (D:3)
  6 goblins
  7 hobgoblins
  2 jackals (D:1)
  A quokka (D:2)
  A ball python (D:1)
  12 bats
  6 frilled lizards
  6 kobolds
  3 rats
55 creatures vanquished.

Notes
Turn   | Place    | Note
-------+----------+-------------------------------------------
     0 | D:1      | Gorglomux the Minotaur Air Elementalist began the quest for the Orb.
     0 | D:1      | Reached XP level 1. HP: 14/14 MP: 1/1
    10 | D:1      | You fall through a shaft!
   156 | D:2      | Found a sparkling altar of Nemelex Xobeh.
   206 | D:2      | Reached skill level 1 in Fighting
   206 | D:2      | Reached skill level 1 in Armour
   320 | D:2      | Reached XP level 2. HP: 11/23 MP: 3/3
  1470 | D:2      | Reached XP level 3. HP: 29/29 MP: 4/4
  1663 | D:2      | Reached skill level 1 in Shields
  2313 | D:3      | Reached XP level 4. HP: 25/37 MP: 5/5
  2320 | D:3      | Found a bloodstained altar of Trog.
  2354 | D:3      | Became a worshipper of Trog the Wrathful
  2380 | D:3      | Noticed Terence
  2976 | D:3      | Found a radiant altar of Vehumet.
  3092 | D:3      | Slain by Terence

Skill      XL: |  1  2  3  4 |
---------------+-------------+-----
Fighting       | 1 2 |  2.8
Armour         | 1 2 |  2.7
Shields        | 1 2 |  2.3
Dodging        | |  2.7
Stealth        | |  1.5
Spellcasting   | |  1.3
Conjurations   | |  0.6
Air Magic      | |  2.1

Action                   |  1- 3 |  4- 6 || total
-------------------------+-------+-------++-------
Melee: Unarmed           |    56 |       ||    56
       Headbutt          |    17 |     6 ||    23
       Whip              |    74 |    40 ||   114
       Flail             |       |    23 ||    23
 Cast: Shock             |     1 |       ||     1
Invok: Burn Spellbooks   |       |     1 ||     1
 Stab: Distracted        |     1 |       ||     1
       Sleeping          |       |     1 ||     1
  Eat: Chunk             |     4 |     3 ||     7
Armor: Robe              |    23 |     6 ||    29
Dodge: Dodged            |    69 |    28 ||    97
Block: Shield            |    34 |    35 ||    69
